Map: [ESL] Hecate

Players

Wayne

  • Race: Zerg Zerg
  • Spawn Location: 7:00

Serral - Winner!

  • Race: Zerg Zerg
  • Spawn Location: 1:00

Event: ESL SC2 Masters 2023 Winter (Regional)

VOD

Have the link to the VOD?

Description

Time

  • Played on: Nov. 9, 2023, 8:28 a.m.
  • Length: 11:56

All games in this series

Show
View Real Time Build Order
Export as new Build Order

Wayne Zerg 

Build Orders: Hatch First, Lurkers 

Get SALT Encoding   

  12  0:00  Drone  
  13  0:12  Overlord  
  13  0:16  Drone  
  14  0:30  Drone x2  
  16  0:47  Hatchery  
  16  0:50  Drone  
  16  0:53  Drone  
  17  0:58  Drone  
  18  1:08  Extractor  
  17  1:13  Spawning Pool  
  17  1:15  Drone  
  17  1:18  Drone  
  18  1:27  Drone  
  19  1:40  Drone  
  20  1:52  Drone  
  21  2:00  Queen x2  
  25  2:01  Zergling x2  
  25  2:02  Overlord  
  26  2:11  Drone x2  
  26  2:12  Metabolic Boost  
  28  2:22  Zergling x2  
  29  2:23  Drone  
  30  2:34  Hatchery  
  30  2:35  Drone  
  30  2:37  Zergling x2  
  31  2:46  Baneling Nest  
  31  2:49  Drone x2  
  32  2:55  Overlord  
  32  2:56  Drone  
  33  3:05  Drone  
  34  3:09  Drone x2  
  36  3:15  Drone x2  
  36  3:17  Drone  
  36  3:18  Zergling x4, Drone  
  42  3:25  Evolution Chamber  
  41  3:30  Baneling x2  
  41  3:34  Queen  
  40  3:35  Baneling  
  40  3:36  Zergling x2  
  43  3:45  Baneling x2  
  43  3:53  Zergling x14  
  47  4:04  Drone  
  47  4:05  Drone x2  
  49  4:11  Extractor, Roach Warren, Queen  
  49  4:12  Overlord  
  49  4:14  Overlord  
  49  4:16  Drone  
  50  4:23  Overlord  
  50  4:32  Overlord  
  50  4:37  Drone x6  
  52  4:40  Drone  
  52  4:44  Drone  
  52  4:46  Drone  
  53  4:53  Roach x4  
  53  4:56  Zerg Missile Weapons Level 1  
  59  5:00  Extractor  
  59  5:01  Drone  
  59  5:02  Lair  
  59  5:06  Overlord  
  59  5:07  Extractor  
  59  5:09  Drone x3  
  59  5:13  Roach  
  63  5:22  Drone x4  
  63  5:23  Roach  
  69  5:29  Roach x3  
  69  5:31  Spine Crawler  
  69  5:32  Spine Crawler  
  71  5:37  Roach x3  
  77  5:46  Overlord  
  77  5:48  Roach x2  
  81  5:52  Overlord  
  81  6:01  Overlord x4  
  81  6:02  Overlord  
  79  6:09  Roach  
  81  6:12  Roach x3  
  81  6:15  Overseer  
  87  6:20  Glial Reconstitution  
  87  6:23  Drone x3  
  90  6:26  Drone  
  90  6:28  Drone x3  
  94  6:36  Drone x2  
  94  6:37  Drone x3  
  94  6:38  Drone  
  100  6:44  Drone, Overlord  
  100  6:45  Drone  
  102  6:49  Drone  
  102  6:52  Drone  
  102  6:53  Drone  
  105  6:54  Extractor  
  105  6:56  Extractor  
  105  6:58  Drone x3  
  105  6:59  Drone x2  
  105  7:00  Drone  
  109  7:10  Hatchery  
  109  7:11  Drone  
  109  7:12  Overlord  
  109  7:18  Roach x5  
  109  7:21  Drone  
  109  7:22  Zerg Missile Weapons Level 2  
  120  7:27  Evolution Chamber  
  119  7:32  Roach x3, Hydralisk Den  
  124  7:38  Overlord  
  124  7:41  Roach x4  
  132  7:50  Overlord  
  132  7:56  Zerg Ground Armor Level 1  
  132  7:59  Drone x3  
  132  8:00  Drone x2  
  132  8:03  Hydralisk  
  132  8:04  Hydralisk x3  
  132  8:05  Grooved Spines  
  145  8:10  Hydralisk x3  
  151  8:15  Overlord  
  151  8:19  Extractor  
  150  8:20  Overlord  
  150  8:23  Roach x4  
  158  8:32  Roach  
  160  8:36  Roach x4  
  160  8:40  Overlord  
  168  8:41  Roach x4  
  168  8:46  Overlord  
  176  8:54  Overlord  
  176  8:55  Muscular Augments  
  176  9:00  Roach x4  
  184  9:07  Infestation Pit, Roach x4  
  187  9:20  Roach x8  
  186  9:33  Drone x4  
  186  9:35  Roach x5  
  200  9:43  Hive  
  200  9:47  Lurker Den  
  199  9:56  Drone  
  199  9:57  Pneumatized Carapace  
  200  10:03  Extractor  
  195  10:18  Roach, Overlord x4  
  185  10:26  Overlord  
  185  10:27  Overlord  
  185  10:31  Roach x5  
  185  10:33  Ravager  
  180  10:36  Overlord  
  180  10:38  Roach x10  
  189  10:45  Hydralisk x2  
  192  10:54  Hydralisk x3  
  156  11:09  Roach  
  156  11:10  Roach x5  
  148  11:12  Overseer  
  145  11:19  Drone x3  
  145  11:21  Lurker x4  
  145  11:24  Overseer  
  149  11:34  Lurker  
  149  11:35  Lurker x2  
Show
View Real Time Build Order
Export as new Build Order

Serral Zerg - Winner!

Build Orders: Hatch First 

Get SALT Encoding   

  12  0:00  Drone  
  13  0:11  Overlord  
  13  0:17  Drone  
  14  0:30  Drone x2  
  16  0:48  Hatchery  
  15  0:51  Drone  
  15  0:54  Drone  
  17  0:57  Drone  
  18  1:08  Extractor  
  17  1:13  Spawning Pool  
  17  1:16  Drone  
  17  1:20  Drone  
  18  1:27  Drone  
  19  1:38  Drone  
  20  1:48  Drone  
  21  1:59  Queen x2  
  21  2:00  Zergling x2  
  21  2:01  Overlord  
  26  2:10  Drone, Metabolic Boost  
  26  2:12  Drone  
  28  2:20  Drone  
  28  2:21  Zergling x2  
  30  2:34  Hatchery  
  30  2:35  Drone  
  30  2:40  Drone  
  30  2:43  Drone  
  32  2:49  Overlord  
  32  2:50  Baneling Nest  
  31  2:55  Drone  
  31  2:58  Drone  
  33  3:09  Zergling x12  
  39  3:13  Zergling x4  
  41  3:20  Overlord  
  41  3:21  Drone  
  42  3:29  Queen  
  44  3:34  Baneling x2  
  44  3:39  Zergling x2  
  46  3:41  Drone x6  
  46  3:44  Drone  
  52  3:55  Zergling x2  
  50  3:56  Drone x3  
  50  3:57  Drone  
  50  4:02  Zergling x2  
  53  4:04  Zergling x2  
  49  4:11  Extractor  
  49  4:12  Zergling x4  
  49  4:13  Zergling x2, Roach Warren  
  49  4:14  Baneling x2  
  49  4:15  Drone x2  
  52  4:20  Zergling x4  
  54  4:26  Overlord  
  54  4:27  Zergling x2  
  54  4:29  Baneling x2  
  56  4:35  Queen  
  55  4:40  Queen  
  55  4:44  Drone x2  
  57  4:46  Drone  
  57  4:48  Drone x2  
  57  4:51  Overlord  
  57  4:52  Overlord  
  60  5:01  Roach x2  
  60  5:02  Roach x2  
  65  5:08  Baneling  
  65  5:10  Roach x4  
  73  5:17  Overlord  
  73  5:19  Roach x2  
  77  5:26  Overlord  
  76  5:29  Zergling x4, Roach x2  
  82  5:37  Baneling  
  82  5:38  Zergling x12, Baneling x2  
  88  5:43  Zergling x2  
  88  5:46  Zergling x2  
  90  5:50  Drone x4  
  90  5:55  Drone  
  95  5:57  Evolution Chamber  
  95  5:58  Overlord  
  95  6:00  Drone  
  95  6:04  Drone x3  
  96  6:05  Drone  
  96  6:06  Drone  
  96  6:08  Overlord  
  96  6:10  Overlord  
  96  6:15  Overlord  
  96  6:17  Lair  
  96  6:22  Extractor, Drone x2  
  96  6:23  Extractor  
  96  6:24  Zerg Missile Weapons Level 1  
  96  6:25  Drone x4  
  100  6:30  Drone  
  101  6:33  Drone  
  101  6:35  Roach  
  101  6:36  Roach x3  
  110  6:42  Overlord  
  110  6:45  Overlord  
  110  6:46  Roach x2  
  116  6:47  Roach  
  116  6:50  Overlord  
  116  6:54  Overlord  
  116  6:57  Roach x4  
  116  7:00  Overlord  
  124  7:02  Overlord  
  124  7:05  Extractor  
  123  7:10  Drone x2  
  123  7:14  Overseer  
  125  7:16  Drone x3  
  125  7:17  Drone x2, Hydralisk Den  
  129  7:23  Roach x4  
  129  7:29  Drone x5  
  142  7:32  Roach x2  
  142  7:33  Extractor  
  145  7:40  Roach x2  
  145  7:42  Overseer  
  145  7:43  Overlord  
  149  7:49  Roach  
  151  7:52  Overlord  
  151  7:53  Roach x3  
  151  7:56  Pneumatized Carapace  
  157  7:59  Overlord  
  157  8:01  Roach x5  
  167  8:07  Ravager x2  
  167  8:10  Roach  
  167  8:11  Roach x2  
  175  8:13  Overlord  
  175  8:16  Roach  
  177  8:23  Glial Reconstitution  
  177  8:28  Zerg Missile Weapons Level 2  
  177  8:30  Drone  
  177  8:31  Evolution Chamber, Hatchery  
  176  8:37  Overlord  
  176  8:43  Grooved Spines  
  176  8:45  Hydralisk x4  
  176  8:46  Overlord  
  184  8:52  Hydralisk x2  
  184  8:55  Overlord x2  
  188  9:01  Zerg Ground Armor Level 1  
  188  9:03  Extractor  
  188  9:08  Roach x5  
  195  9:19  Drone x2  
  195  9:20  Roach x2  
  199  9:26  Overlord  
  195  9:31  Roach x3  
  195  9:32  Burrow  
  197  9:41  Tunneling Claws  
  197  9:42  Muscular Augments  
  197  9:47  Overseer  
  197  9:51  Overlord  
  197  9:55  Roach  
  199  10:04  Overlord  
  199  10:09  Infestation Pit  
  190  10:17  Roach x10  
  194  10:24  Ravager x2  
  194  10:25  Roach  
  194  10:26  Roach x2  
  194  10:38  Roach x3  
  200  10:48  Overlord  
  200  11:02  Roach  
  200  11:03  Roach x10  
  194  11:05  Roach  
  194  11:06  Roach x2  
  194  11:10  Roach x2  
  198  11:20  Hydralisk  
  200  11:26  Extractor  
  200  11:28  Lurker Den  
  198  11:33  Roach  
  198  11:35  Hatchery  
  198  11:37  Ravager  
Tags
 
Add a new tag
Caveats
  • Supply blocks, unpowered buildings, or Contaminate may cause inaccurate times.
  • Supply counts are checked every 10 seconds.